 Dungeon Crawl Stone Soup version 0.27.1-35-g4d5d836560 (webtiles) character file.

Game seed: 1883466013740476659

132 Delamore the Sneak (level 5, -1/34 HPs)
             Began as an Octopode Brigand on Apr 29, 2022.
             Was an Initiate of Gozag.
             Slain by Terence (6 damage)
             ... on level 3 of the Dungeon.
             The game lasted 00:02:05 (3003 turns).

Delamore the Sneak (Octopode Brigand)               Turns: 3003, Time: 00:02:06

Health: -1/34      AC:  1    Str: 11    XL:     5   Next: 15%
Magic:  5/5        EV: 12    Int: 13    God:    Gozag
Gold:   138        SH:  0    Dex: 14    Spells: 4/4 levels left

rFire    . . .     SeeInvis .   g - +4 short sword
rCold    . . .     Faith    .   (no shield)
rNeg     . . .     Spirit   .   (helmet restricted)
rPois    .         Reflect  .   (no amulet)
rElec    .         Harm     .   (no ring)
rCorr    .         Rampage  .   (no ring)
Will     .....                  (no ring)
Stlth    ++++......             (no ring)
HPRegen  0.11/turn              (no ring)
MPRegen  0.09/turn              (no ring)
                                (no ring)
                                (no ring)

@: gold aura, on berserk cooldown, slowed, very slow
A: almost no armour, amphibious, 8 rings, camouflage 1, gelatinous body 1,
(nimble swimmer 1), tentacles
a: Renounce Religion, Potion Petition, Call Merchant, Bribe Branch


You were on level 3 of the Dungeon.
You worshipped Gozag.
Gozag was aware of your devotion.
You visited 1 branch of the dungeon, and saw 3 of its levels.

You collected 181 gold pieces.
You paid 43 gold pieces to Gozag.

Inventory:

Hand Weapons
 a - a +2 dagger
 g - a +4 short sword (weapon)
Missiles
 b - 22 poisoned darts (quivered)
Scrolls
 d - a scroll of teleportation
 f - a scroll of identify {unknown}
 j - a scroll of noise {unknown}
Potions
 e - a potion of berserk rage
 i - a potion of might {unknown}


   Skills:
 - Level 2.0 Fighting
 * Level 4.4 Short Blades
 - Level 2.0 Throwing
 - Level 1.0 Dodging
 + Level 6.6 Stealth


You had 4 spell levels left.
You didn't know any spells.
Your spell library contained the following spells:

 Spells                   Type           Power      Damage    Failure   Level
 Dazzling Flash           Conj/Hex       0%         N/A       67%         3
 Agony                    Necr           0%         N/A       100%        5
 Silence                  Hex/Air        0%         N/A       100%        5


Dungeon Overview and Level Annotations

Branches:
Dungeon (3/15)

Altars:
Ashenzari
Gozag
Nemelex Xobeh

Annotations:
D:3 Terence


Innate Abilities, Weirdness & Mutations

You cannot wear most types of armour.
You are amphibious.
You can wear up to eight rings at the same time.
Your skin changes colour to match your surroundings (Stealth+).
Your rubbery body absorbs attacks. (AC +1, EV +1)
((You are camouflaged near water. (Stealth+)))
You have tentacles for arms and can constrict up to eight enemies at once.


Message History

You constrict Terence, but do no damage.
The orc closely misses you. The orc wizard barely misses you.
Terence closely misses you. The orc misses you.
You completely miss the orc wizard. Your grab misses the orc wizard.
Your squeeze misses the orc wizard.
The orc wizard is heavily wounded.
You constrict Terence. Terence hits you with a +0 flail.
The orc wizard misses you. The orc misses you.
The orc wizard closely misses you. Terence hits you with a +0 flail!
* * * LOW HITPOINT WARNING * * *
You release your grip on Terence.
The orc barely misses you. The orc closely misses you.
The orc wizard closely misses you.
Throw: 2 darts (curare)
Press: ? - help, Q - select action, (/) - cycle Shift-Dir - straight line, f - orc wizard
Aim: an orc wizard, wielding a +0 dagger and wearing a +0 robe of willpower (heavily wounded, 53% to hit)
You throw a curare-tipped dart.
The curare-tipped dart hits the orc wizard.
The orc wizard is poisoned.
The orc wizard convulses.
You kill the orc wizard!
The orc misses you. Terence closely misses you.
You have reached level 5!
You feel stronger.
Throw: dart (curare)
Press: ? - help, Q - select action, (/) - cycle Shift-Dir - straight line, f - Terence
Aim: Terence, wielding a +0 flail and wearing a +0 chain mail (moderately wounded, 68% to hit)
You throw a curare-tipped dart.
The curare-tipped dart barely misses Terence.
The orc is distracted by your dazzling golden aura.
Terence misses you.
The orc shouts!
Throw: 23 darts (poison)
Press: ? - help, Q - select action, (/) - cycle Shift-Dir - straight line, f/p - Terence
Aim: Terence, wielding a +0 flail and wearing a +0 chain mail (moderately wounded, 68% to hit)
You throw a poisoned dart. The poisoned dart hits Terence.
Terence is poisoned.
Terence is moderately wounded.
The orc is no longer distracted by gold.
The orc is distracted by your dazzling golden aura.
Terence completely misses you. Terence hits you with a +0 flail.
You die...
Your body crumbles into a pile of gold.

#..# #.##......... #..#
#.###.#..#...
...###..###.###.#......
.....$...........#.##..#
....####.##............#
.. ##..##.###..#.# .#
#.o..!...._.#
##@o#$..##### #@......#
#..........
#.......###.. ##.....##
#......# ........
.#....... #......


You could see Terence (poisoned) and 2 orcs.

Vanquished Creatures
  A water moccasin skeleton (D:3)
  An orc wizard (D:3)
  4 worms
  2 dart slugs
  An orc (D:3)
  2 ball pythons
  8 endoplasms
  3 giant cockroaches
  2 goblins (D:2)
  6 hobgoblins
  6 kobolds
  3 quokkas
  3 frilled lizards
  3 rats
45 creatures vanquished.

Notes
Turn   | Place    | Note
-------+----------+-------------------------------------------
     0 | D:1      | Delamore the Octopode Brigand began the quest for the Orb.
     0 | D:1      | Reached XP level 1. HP: 14/14 MP: 1/1
   168 | D:1      | Reached XP level 2. HP: 5/19 MP: 2/2
   792 | D:1      | Found a faded altar of an unknown god.
  1637 | D:2      | Reached XP level 3. HP: 22/24 MP: 3/3
  2364 | D:2      | Reached skill level 6 in Stealth
  2756 | D:3      | Found a sparkling altar of Nemelex Xobeh.
  2756 | D:3      | Found an opulent altar of Gozag.
  2829 | D:3      | Became a worshipper of Gozag Ym Sagoz the Greedy
  2891 | D:3      | Reached XP level 4. HP: 29/29 MP: 4/4
  2983 | D:3      | Noticed Terence
  2984 | D:3      | Found a broken altar of Ashenzari.
  3002 | D:3      | Reached XP level 5. HP: 5/34 MP: 5/5
  3003 | D:3      | Slain by Terence

Illustrated notes

Levels and vault maps discovered:
D:1:      minmay_arrival_plants_in_alcoves, layout_basic,
          shapermc_ecumenical_altar_petra
D:2:      layout_basic
D:3:      layout_loops_ring, grunt_temple_overflow_opulence,
          overflow_temple_1_default, minmay_box_of_dots, uniq_terence

Skill      XL: |  1  2  3  4 |
---------------+-------------+-----
Short Blades   | 3 4 |  4.4
Stealth        | 6 |  6.6
Fighting       | |  2.0
Throwing       | |  2.0
Dodging        | |  1.0

Action                   |  1- 3 |  4- 6 || total
-------------------------+-------+-------++-------
Melee: Dagger            |    61 |       ||    61
       Tentacles         |    15 |     1 ||    16
       Constrict         |    14 |     4 ||    18
       Short sword       |     2 |    21 ||    23
Throw: Dart              |     2 |     3 ||     5
  Use: Scroll            |     1 |       ||     1
       Potion            |       |     2 ||     2
 Stab: Sleeping          |    11 |     4 ||    15
Armor: Skin              |     1 |     1 ||     2
Dodge: Dodged            |    22 |    26 ||    48
